 Dungeon Crawl Stone Soup version 0.28.0-55-gcd9437bce4 (webtiles) character file.

Game seed: 12899723915521621107

613378 AarnesTheHuman the Unforgettable (level 27, -2/156 HPs)
             Began as a Gnoll Fighter on Dec 29, 2022.
             Was the Champion of Hepliaklqana.
             Killed from afar by an orb of fire (9 damage)
             ... with a bolt of fire
             ... on level 5 of the Realm of Zot on Jan 2, 2023.
             The game lasted 07:07:32 (103583 turns).

AarnesTheHuman the Unforgettable (Gnoll Fighter)  Turns: 103583, Time: 07:07:32

Health: -2/156     AC: 39    Str: 27    XL:     27
Magic:  44/45      EV:  6    Int: 12    God:    Hepliaklqana [******]
Gold:   8630       SH:  0    Dex: 12    Spells: 5/63 levels left

rFire   + + +      SeeInvis +   b - +7 sceptre of Torment {pain, torment}
rCold   + . .      Faith    .   H - -1 tower shield of the Solstice {Drain rElec Will+}
rNeg    . . .      Spirit   .   s - +2 gold dragon scales "Fext" {Drain Fly rPois rF+ rC+ Dex+2}
rPois   +          Reflect  +   K - +2 helmet {SInv}
rElec   +          Harm     .   f - +0 cloak of Emainynk {Will+}
rCorr   .          Rampage  .   l - +3 pair of gloves "Himalus" {Fly Regen+ Str-2 Slay+3}
Will    +++++      Rage     1%  q - +2 pair of boots
Stlth   ..........              w - amulet of the Gloaming {Reflect Str+4 SH+5}
HPRegen 1.16/turn               i - ring of the Dolphin {Fly rF+++ rC- Will+ Slay+6}
MPRegen 0.29/turn               C - ring "Ziafutte" {rC+ Will+ Slay+3}

@: about to teleport, marked, wereblooded, flying, held, slowed, very slow
A: reduced essence, fangs 1, strong nose, distributed training, berserk 1,
clumsy 1, frail 2
}: 3/15 runes: serpentine, barnacled, silver
a: Renounce Religion, Recall Ancestor, Ancestor Identity, Transference, Idealise


You were on level 5 of the Realm of Zot.
You worshipped Hepliaklqana.
Hepliaklqana was exalted by your worship.
You visited 10 branches of the dungeon, and saw 49 of its levels.
You visited 1 bazaar.
You also visited: Gauntlet.

You collected 12108 gold pieces.
You spent 3478 gold pieces at shops.

Inventory:

Hand Weapons
 a - the +8 war axe of the Warrior {drain, +Blink rElec}
   (You bought it in a shop on level 5 of the Dungeon)

   A truly terrible weapon, it drains the life of any living foe it strikes.
   rElec:     It insulates you from electricity.
   +Blink:    It lets you blink.
 b - the +7 sceptre of Torment (weapon) {pain, torment}
   (You took it off a deep elf elementalist on level 3 of the Elven Halls)

   In the hands of one skilled in necromantic magic, it inflicts extra damage on
   living creatures.
   It occasionally torments all nearby living foes when it strikes in combat.
 p - a +6 hand crossbow of flaming
 S - the +5 demon whip "Spellbinder" {antimagic, Will+}
   (You found it on level 1 of the Elven Halls)

   It reduces the magical energy of the wielder, and disrupts the spells and
   magical abilities of those it strikes.
   Natural abilities and divine invocations are not affected.
   It unleashes wild and unpredictable magical effects upon striking a wizard or
   a creature with magical abilities.
   Will:      It increases your willpower.
Missiles
 t - 1061 bolts
 v - 6 silver javelins
 y - 2 throwing nets
 O - 10 javelins (quivered)
 V - 15 curare-tipped darts
Armour
 f - the +0 cloak of Emainynk (worn) {Will+}
   (You bought it in a shop in a bazaar)

   Will:      It increases your willpower.
 l - the +3 pair of gloves "Himalus" (worn) {Fly Regen+ Str-2 Slay+3}
   (You found it in a Gauntlet)

   Str:       It affects your strength (-2).
   Slay:      It affects your accuracy & damage with ranged weapons and melee
   (+3).
   Fly:       It grants you flight.
   Regen:     It increases your rate of health regeneration.
 q - a +2 pair of boots (worn)
 s - the +2 gold dragon scales "Fext" (worn) {Drain Fly rPois rF+ rC+ Dex+2}
   (You bought it in a shop on level 2 of the Orcish Mines)

   Dex:       It affects your dexterity (+2).
   rF:        It protects you from fire.
   rC:        It protects you from cold.
   rPois:     It protects you from poison.
   Fly:       It grants you flight.
   Drain:     It drains your maximum health when unequipped.
 H - the -1 tower shield of the Solstice (worn) {Drain rElec Will+}
   (You acquired it on level 1 of the Depths)

   rElec:     It insulates you from electricity.
   Drain:     It drains your maximum health when unequipped.
   Will:      It increases your willpower.
 K - a +2 helmet of see invisible (worn)
Jewellery
 h - the ring "Fiaquc" {rElec EV+4 Slay+4}
   (You found it on level 4 of the Shoals)

   [ring of evasion]

   EV:        It affects your evasion (+4).
   Slay:      It affects your accuracy & damage with ranged weapons and melee
   (+4).
   rElec:     It insulates you from electricity.
 i - the ring of the Dolphin (left hand) {Fly rF+++ rC- Will+ Slay+6}
   (You found it on level 3 of the Vaults)

   [ring of willpower]

   Slay:      It affects your accuracy & damage with ranged weapons and melee
   (+6).
   rF:        It renders you almost immune to fire.
   rC:        It makes you vulnerable to cold.
   Fly:       It grants you flight.
   Will:      It increases your willpower.
 w - the amulet of the Gloaming (around neck) {Reflect Str+4 SH+5}
   (You found it in a Gauntlet)

   [amulet of reflection]

   It reflects blocked missile attacks.
   Str:       It affects your strength (+4).
   SH:        It affects your SH (+5).
 C - the ring "Ziafutte" (right hand) {rC+ Will+ Slay+3}
   (You found it in a Gauntlet)

   [ring of willpower]

   Slay:      It affects your accuracy & damage with ranged weapons and melee
   (+3).
   rC:        It protects you from cold.
   Will:      It increases your willpower.
 Q - a ring of positive energy
 Z - the ring of Lueckote {rF+ rCorr Str-4 SInv}
   (You bought it in a shop on level 14 of the Dungeon)

   [ring of see invisible]

   Str:       It affects your strength (-4).
   rF:        It protects you from fire.
   SInv:      It lets you see invisible.
   rCorr:     It protects you from acid and corrosion.
Wands
 g - a wand of digging (29)
 n - a wand of paralysis (18)
 o - a wand of mindburst (32)
 u - a wand of charming (15)
 D - a wand of acid (17)
 E - a wand of iceblast (53)
Scrolls
 e - 12 scrolls of fear
 k - 6 scrolls of holy word
 m - 18 scrolls of teleportation
 A - 2 scrolls of silence
 I - 6 scrolls of fog
 R - a scroll of magic mapping
 U - 5 scrolls of blinking
 W - 2 scrolls of summoning
Potions
 c - 9 potions of heal wounds
 d - 4 potions of might
 j - 6 potions of resistance
 r - 6 potions of magic
 x - 16 potions of curing
 z - 6 potions of cancellation
 B - 3 potions of ambrosia
 F - 4 potions of berserk rage
 G - 5 potions of invisibility
 M - 10 potions of mutation
 P - 8 potions of haste
 T - 4 potions of brilliance
 Y - 5 potions of lignification
Miscellaneous
 J - a phantom mirror
 L - a tin of tremorstones (2/2)
 N - a phial of floods
 X - a lightning rod (4/4)


   Skills:
 + Level 19.8 Fighting
 + Level 18.9 Short Blades
 + Level 18.9 Long Blades
 + Level 19.3 Axes
 + Level 18.9 Maces & Flails
 + Level 18.9 Polearms
 + Level 18.9 Staves
 + Level 18.9 Slings
 + Level 18.9 Bows
 + Level 18.9 Crossbows
 + Level 18.9 Throwing
 + Level 19.8 Armour
 + Level 18.9 Dodging
 + Level 18.9 Stealth
 + Level 19.8 Shields
 + Level 18.9 Unarmed Combat
 + Level 18.9 Spellcasting
 + Level 16.1 Conjurations
 + Level 16.1 Hexes
 + Level 16.1 Summonings
 + Level 16.1 Necromancy
 + Level 16.1 Translocations
 + Level 16.1 Transmutations
 + Level 16.1 Fire Magic
 + Level 16.1 Ice Magic
 + Level 16.1 Air Magic
 + Level 16.1 Earth Magic
 + Level 16.1 Poison Magic
 + Level 20.4 Invocations
 + Level 18.9 Evocations


You had 5 spell levels left.
You knew the following spells:

 Your Spells              Type           Power      Damage    Failure   Level
a - Foxfire               Conj/Fire      100%       2x1d9     1%          1
b - Blink                 Tloc           100%       N/A       1%          2
c - Confusing Touch       Hex            50%        N/A       1%          3
d - Poisonous Vapours     Pois/Air       100%       N/A       1%          2
e - Stone Arrow           Conj/Erth      100%       3d13      1%          3
f - Frozen Ramparts       Ice            100%       1d12      1%          3
g - Wereblood             Tmut           50%        N/A       1%          2
h - Olgreb's Toxic Radia  Pois           50%        N/A       1%          4
i - Passage of Golubria   Tloc           50%        N/A       1%          4
j - Ignite Poison         Fire/Tmut/Pois 50%        N/A       1%          3
k - Cause Fear            Hex            25%        N/A       1%          4
l - Borgnjor's Vile Clut  Necr/Erth      25%        N/A       4%          5
m - Animate Dead          Necr           25%        N/A       1%          4
n - Freezing Cloud        Conj/Ice/Air   25%        6-21      4%          5
o - Irradiate             Conj/Tmut      25%        3d21      4%          5
p - Manifold Assault      Tloc           50%        N/A       4%          5
q - Swiftness             Air            50%        N/A       1%          3

Your spell library contained the following spells:

 Spells                   Type           Power      Damage    Failure   Level
 Animate Skeleton         Necr           100%       N/A       1%          1
 Apportation              Tloc           100%       N/A       1%          1
 Beastly Appendage        Tmut           100%       N/A       1%          1
 Magic Dart               Conj           100%       1d8       1%          1
 Pain                     Necr           100%       1d9       1%          1
 Shock                    Conj/Air       100%       1d9       1%          1
 Sting                    Tmut/Pois      100%       1d8       1%          1
 Summon Small Mammal      Summ           100%       N/A       1%          1
 Corpse Rot               Necr/Air       100%       N/A       1%          2
 Scorch                   Fire           100%       2d10      1%          2
 Searing Ray              Conj           100%       2d8       1%          2
 Sublimation of Blood     Necr           50%        N/A       1%          2
 Call Canine Familiar     Summ           50%        N/A       1%          3
 Conjure Flame            Conj/Fire      50%        6-21      1%          3
 Dazzling Flash           Conj/Hex       100%       N/A       1%          3
 Gell's Gravitas          Tloc           50%        N/A       1%          3
 Inner Flame              Hex/Fire       50%        N/A       1%          3
 Lesser Beckoning         Tloc           50%        N/A       1%          3
 Portal Projectile        Hex/Tloc       100%       N/A       1%          3
 Spider Form              Tmut/Pois      50%        N/A       1%          3
 Summon Guardian Golem    Hex/Summ       50%        N/A       1%          3
 Teleport Other           Tloc           50%        N/A       1%          3
 Tukima's Dance           Hex            50%        N/A       1%          3
 Vampiric Draining        Necr           50%        2d9       1%          3
 Airstrike                Air            25%        N/A       1%          4
 Anguish                  Hex/Necr       25%        N/A       1%          4
 Animate Armour           Summ/Erth      100%       N/A       1%          4
 Dispel Undead            Necr           50%        3d19      1%          4
 Flame Wave               Conj/Fire      50%        2d10      1%          4
 Fulminant Prism          Conj/Hex       25%        3d14      1%          4
 Ice Form                 Ice/Tmut       50%        N/A       1%          4
 Iskenderun's Mystic Bla  Conj/Tloc      50%        2d11      1%          4
 Leda's Liquefaction      Hex/Erth       25%        N/A       1%          4
 Petrify                  Tmut/Erth      50%        N/A       1%          4
 Sticky Flame             Conj/Fire      50%        2d7       1%          4
 Blade Hands              Tmut           25%        N/A       4%          5
 Excruciating Wounds      Necr           25%        N/A       4%          5
 Fireball                 Conj/Fire      25%        3d11      4%          5
 Iskenderun's Battlesphe  Conj           50%        2d10      4%          5
 Lee's Rapid Deconstruct  Erth           25%        3d15*     4%          5
 Lightning Bolt           Conj/Air       25%        1d41      4%          5
 Metabolic Englaciation   Hex/Ice        25%        N/A       4%          5
 Yara's Violent Unravell  Hex/Tmut       25%        3d11      4%          5
 Conjure Ball Lightning   Conj/Air       25%        3x3d7     26%         6
 Death Channel            Necr           25%        N/A       26%         6
 Dispersal                Tloc           25%        N/A       26%         6
 Eringya's Noxious Bog    Tmut/Pois      25%        N/A       26%         6
 Iron Shot                Conj/Erth      25%        9d5       26%         6
 Simulacrum               Ice/Necr       25%        N/A       26%         6
 Statue Form              Tmut/Erth      33%        N/A       26%         6
 Summon Cactus Giant      Summ           25%        N/A       26%         6
 Dragon Form              Tmut           25%        N/A       83%         7
 Enfeeble                 Hex            25%        N/A       83%         7
 Haunt                    Necr/Summ      25%        N/A       83%         7
 Orb of Destruction       Conj           25%        9d9       83%         7
 Ozocubu's Refrigeration  Ice            25%        4d10      83%         7
 Spellforged Servitor     Conj/Summ      25%        N/A       83%         7
 Storm Form               Tmut/Air       25%        N/A       83%         7
 Discord                  Hex            25%        N/A       100%        8
 Disjunction              Tloc           25%        N/A       100%        8
 Ignition                 Fire           25%        3d8       100%        8
 Lehudib's Crystal Spear  Conj/Erth      25%        10d7      100%        8
 Chain Lightning          Conj/Air       25%        3d33      100%        9
 Death's Door             Necr           25%        N/A       100%        9
 Fire Storm               Conj/Fire      25%        8d6       100%        9
 Polar Vortex             Ice            25%        N/A       100%        9
 Shatter                  Erth           25%        3d21*     100%        9


Dungeon Overview and Level Annotations

Branches:
Dungeon (15/15)            Temple (1/1) D:7            Lair (6/6) D:8
 Shoals (4/4) Lair:4        Snake (4/4) Lair:4        Slime (0/5) Lair:5
    Orc (2/2) D:10            Elf (3/3) Orc:2        Vaults (5/5) D:13
  Crypt (0/3) Vaults:3     Depths (4/4) D:15            Zot (5/5) Depths:4
Gauntlet (visited)

Altars:
Ashenzari
Cheibriados
Dithmenos
Elyvilon
Fedhas
Gozag
Hepliaklqana
Kikubaaqudgha
Makhleb
Nemelex Xobeh
Okawaru
Qazlal
Ru
Sif Muna
Trog
Uskayaw
Vehumet
Wu Jian
Xom
Yredelemnul
Zin
The Shining One
Beogh
Jiyva

Shops:
D:5 (   D:12 [   D:14 =   Orc:1 [   Orc:2 ![[(   Elf:2 !   Snake:3 :
Snake:4 =   Vaults:1 [[[   Vaults:3 =   Depths:1 *

Portals:
Hell: Depths:1 Depths:2 Depths:3 Depths:4
Abyss: Depths:1 Depths:2 Depths:3
Pandemonium: Depths:2
Ziggurat: Depths:3

Annotations:
D:2 exclusion: downstairs
D:4 exclusion: downstairs
D:10 exclusion: downstairs
D:11 exclusion: downstairs
Lair:1 exclusion: 2 oklob plants
Lair:3 exclusion: downstairs
Lair:6 3 runed translucent doors, exclusions: 3 doors and obsidian statue, Wynaec's ghost, journeyman MiFi
Shoals:2 6 transporters, 3 runed translucent doors, exclusions: 3 doors and obsidian statue, Xej Laupn's ghost, adept HOMo
Shoals:3 exclusion: downstairs
Elf:1 exclusion: downstairs
Elf:2 3 runed translucent doors, exclusions: 3 doors and downstairs
Vaults:4 exclusion: downstairs


Innate Abilities, Weirdness & Mutations

Your life essence is reduced to manifest your ancestor. (-10% HP)
You have very sharp teeth.
Your uncanny sense of smell can sniff out nearby items.
Your experience applies equally to all skills.
You tend to lose your temper in combat.
You are clumsy. (Dex -2)
You are very frail. (-20% HP)


Message History

You struggle against the net.
The death cob resists.
The wall freezes the death cob.
The death cob completely resists.
The wall freezes the death cob but does no damage.
The orb of fire resists.
The wall freezes the orb of fire.
The orb of fire resists.
The wall freezes the orb of fire.
The orb of fire resists.
The wall freezes the orb of fire.
The Orb Guardian hits you but does no damage.
The death cob resists.
The wall freezes the death cob.
The orb of fire resists.
The wall freezes the orb of fire.
The orb of fire glows deep purple.
The bolt of fire hits you! You resist.
You rip the net and break free!
The frozen ramparts melt away.
You block the Orb Guardian's attack. The death cob hits you.
The Orb Guardian drops a net on you.
You become entangled in the net!
The orb of fire glows bright magenta.
The bolt of fire hits you! You resist.
You feel much better. The death cob hits you!!
The death cob drains your vigour!
You feel yourself slow down.
The electric golem blinks!
The death cob hits you but does no damage.
The Orb Guardian hits you!
The Killer Klown blinks!
The death cob hits you but does no damage.
You struggle against the net.
You howl as the wereblood boils in your veins!
The death cob hits you. The death cob drains your vigour!
You feel as though you will be slow longer.
The death cob hits you!!
* * * LOW HITPOINT WARNING * * *
The death cob barely misses you.
The orb of fire glows deep purple.
The bolt of fire hits you. You resist.
* * * LOW HITPOINT WARNING * * *
The electric golem blinks!
The orb of fire emits a lurid red light.
The bolt of fire misses the orb of fire.
The bolt of fire hits you!! You resist.
* * * LOW HITPOINT WARNING * * *
The orb of fire emits a lurid red light.
The bolt of fire hits you! You resist.
You die...

............▓▓▓▓
...............▓## **
...........^.....## **,
..................# **▓▓***** *,,
..................▓**...,,,,***,,
.......^..^.^.....▓*^...,,,,,**,,
.............9.^X*▓.....^,,,,,*,,
...............z**X^§...,,,,,,,^,
.........^......@*▓,,,,,,,,,,,*,,
...^........^...§.▓*,,,,,,,,,**,,
.............^....▓**,,,,,,^***,,
..................▓ ********* *,,
.^...............▓▓ **,
...............▓▓▓ **
.........:..▓▓▓▓ ▓▓▓▓▓▓▓▓▓▓▓▓▓


You could see 4 orbs of fire, an electric golem, a death cob and 2 Orb
Guardians.

Vanquished Creatures
  6 dread liches
  5 ancient liches
  4 orbs of fire
  Mennas (Vaults:3)
  2 juggernauts (Depths:3)
  Boris (twice) (Vaults:4 Depths:1)
  Bai Suzhen (Shoals:4)
  Saint Roka (Vaults:1)
  6 Killer Klowns
  A curse toe (Zot:4)
  Vashnia (Snake:2)
  14 golden dragons
  2 electric golems
  21 tentacled monstrosities
  A lich (Depths:4)
  19 Orb Guardians
  6 titans
  2 deep elf master archers
  Gastronok (D:11)
  An ancient champion (Depths:1)
  4 quicksilver dragons
  8 sphinxes
  6 death cobs
  12 storm dragons
  8 tengu reavers
  A revenant (Vaults:3)
  Donald (Shoals:4)
  15 nagarajas
  6 fire giants
  9 draconian knights
  11 shadow dragons
  2 draconian monks
  3 iron dragons
  4 deep elf sorcerers
  7 draconian scorchers
  16 vault wardens
  17 frost giants
  6 deep elf elementalists
  A ghost moth (shapeshifter) (Vaults:5)
  8 draconian shifters
  13 ironbound preservers
  7 war gargoyles
  6 draconian annihilators
  2 spriggan defenders (Depths:3)
  5 draconian stormcallers
  11 stone giants
  9 ironbound thunderhulks
  3 vampire knights
  29 very ugly things
  12 green draconians
  2 deep elf demonologists
  13 deep elf annihilators
  10 red draconians
  7 yellow draconians
  A minotaur (Gauntlet)
  20 black draconians
  2 entropy weavers (Depths:4)
  5 purple draconians
  7 spark wasps
  7 white draconians
  9 dire elephants
  2 crystal guardians (Vaults:4)
  A spark wasp (shapeshifter) (Vaults:5)
  7 deep elf death magi
  7 ettins
  9 fire dragons
  4 deep elf high priests
  7 merfolk impalers
  Snorg (Orc:2)
  4 merfolk javelineers
  2 jiangshi (Depths:2)
  10 great orbs of eyes
  11 yaktaur captains
  11 hydras
  A great orb of eyes (shapeshifter) (Depths:3)
  5 rakshasas
  8 ironbound frosthearts
  32 vault guards
  14 anacondas
  2 hell beasts (Depths:1)
  A merfolk avatar (Shoals:4)
  3 salamander tyrants (Snake:4)
  2 catoblepae
  2 spriggan air magi (Depths:4)
  12 ice dragons
  10 naga warriors
  4 boulder beetles
  4 merfolk aquamancers
  An ogre mage (Vaults:5)
  4 peacekeepers
  21 centaur warriors
  8 two-headed ogres
  8 deep troll shamans
  6 tengu warriors
  3 death yaks (Lair:6)
  4 spriggan berserkers
  3 orc high priests
  17 naga sharpshooters
  14 deep troll earth magi
  9 dancing weapons
  Urug (Orc:2)
  6 shock serpents
  5 vampire magi
  10 hell knights
  8 deep elf knights
  13 iron trolls
  6 salamander mystics
  A spectral anaconda (Lair:6)
  3 skeletal warriors (D:14)
  2 flayed ghosts
  55 deep trolls
  A glowing orange brain (shapeshifter) (Vaults:4)
  8 glowing orange brains
  4 naga ritualists
  9 sea snakes
  An orange crystal statue (Depths:2)
  6 deep elf archers
  17 wizards
  18 lindwurms
  A phantasmal warrior (Vaults:5)
  11 necromancers
  16 ironbound convokers
  17 harpies
  19 deep elf pyromancers
  14 deep elf zephyrmancers
  10 orc knights
  11 mana vipers
  64 ugly things
  7 orc sorcerers
  13 manticores
  A faun (Shoals:1)
  10 salamanders
  4 cyclopes
  An apocalypse crab (Gauntlet)
  23 naga magi
  9 merfolk sirens
  A dire elephant zombie (Lair:6)
  13 elephants
  A human skeleton (Vaults:2)
  31 moths of wrath
  5 guardian serpents
  A water nymph (shapeshifter) (Depths:4)
  A stone giant skeleton (Vaults:2)
  30 black mambas
  21 vault sentinels
  A torpor snail (shapeshifter) (Vaults:5)
  6 water nymphs
  2 gargoyles
  14 cane toads
  A rime drake (Lair:1)
  6 komodo dragons
  3 unseen horrors
  19 yaktaurs
  An efreet (D:15)
  A freezing wraith (D:15)
  6 tengu conjurers
  11 wind drakes
  13 merfolk
  6 trolls
  3 polar bears
  5 snapping turtles
  5 hornets (Depths:3)
  A snapping turtle (shapeshifter) (Depths:3)
  Prince Ribbit (D:4)
  28 slime creatures
  13 blink frogs
  7 dream sheep
  2 spectral elephants (Lair:6)
  A slime creature (shapeshifter) (Depths:1)
  A dream sheep (shapeshifter) (Depths:3)
  5 air elementals
  4 spriggans (Depths:3)
  An elf skeleton (Vaults:2)
  A jumping spider (shapeshifter) (Depths:3)
  22 water elementals
  A shadow (D:12)
  2 vampires
  5 basilisks
  10 wraiths
  14 humans (D:13)
  24 yaks
  5 wyverns
  A dire elephant simulacrum (Lair:6)
  Eustachio (D:5)
  A fire elemental (Elf:1)
  5 vampire mosquitoes
  A neqoxec (Depths:2)
  5 redbacks
  2 redbacks (shapeshifter)
  A death yak simulacrum (Lair:6)
  Menkaure (D:5)
  A spectral cane toad (Lair:6)
  2 wargs (Orc:2)
  4 hexers
  46 nagas
  5 large abominations (Elf:1)
  11 water moccasins
  5 acid dragons
  A floating eye (shapeshifter) (Vaults:1)
  A floating eye (Zot:4)
  3 black bears
  6 necrophages
  A sky beast (D:5)
  30 orc warriors
  A hornet zombie (D:7)
  2 ice beasts
  10 ogres
  3 elephant zombies (Lair:6)
  8 wolves
  7 boggarts
  9 centaurs
  3 phantoms
  An elephant skeleton (Lair:6)
  4 kobold brigands
  4 elf zombies (Elf:1)
  2 earth elementals (Elf:1)
  15 bullfrogs
  4 gnoll sergeants
  A scorpion (D:5)
  A cane toad simulacrum (Lair:6)
  A water moccasin zombie (D:5)
  A wyvern zombie (D:7)
  7 howler monkeys
  7 wights
  3 electric eels
  6 centaur zombies
  A bullfrog zombie (D:4)
  A human zombie (D:4)
  4 jellies
  2 hounds
  2 centaur skeletons
  26 orc priests
  2 iron imps (Gauntlet)
  2 hell rats (Lair:4)
  4 iguanas
  Terence (D:2)
  Ijyb (D:5)
  21 orc wizards
  2 scorpion zombies (D:4)
  A killer bee zombie (D:9)
  4 hound zombies
  2 hound skeletons
  A howler monkey zombie (D:8)
  3 mummies
  A howler monkey skeleton (D:5)
  6 gnolls
  8 adders
  A shadow imp (D:8)
  3 white imps
  An ufetubus (D:5)
  A worm (D:3)
  A dart slug (D:2)
  68 orcs
  9 bats
  11 endoplasms
  5 giant cockroaches
  7 goblins
  6 hobgoblins
  7 jackals
  12 kobolds
  5 quokkas
  11 ball pythons
  A frilled lizard (D:1)
  8 rats
1942 creatures vanquished.

Vanquished Creatures (collateral kills)
  2 dread liches
  Sojobo (Vaults:3)
  A Killer Klown (Zot:3)
  3 golden dragons
  A lich (Depths:2)
  4 Orb Guardians (Zot:5)
  8 tentacled monstrosities
  A quicksilver dragon (Zot:2)
  A deep elf master archer (Elf:3)
  2 sphinxes
  2 shadow dragons
  A draconian monk (Zot:1)
  2 nagarajas (Snake:4)
  A tengu reaver (Vaults:5)
  A fire giant (Depths:2)
  A deep elf sorcerer (Elf:3)
  A frost giant (Vaults:5)
  2 very ugly things (Vaults:2)
  Louise (Depths:2)
  A draconian scorcher (Zot:4)
  5 ironbound preservers
  A draconian shifter (Zot:1)
  A deep elf elementalist (Elf:3)
  3 vault wardens
  2 spriggan defenders
  2 stone giants (Depths:1)
  2 vampire knights
  A dire elephant (Lair:6)
  2 entropy weavers
  A green draconian (Zot:2)
  A deep elf annihilator (Vaults:2)
  A purple draconian (Zot:3)
  A red draconian (Zot:2)
  A yellow draconian (Zot:5)
  A white draconian (Zot:5)
  A deep elf death mage (Elf:3)
  An ettin (Depths:4)
  A yaktaur captain (Vaults:4)
  A deep elf high priest (Elf:3)
  Harold (D:8)
  3 great orbs of eyes
  5 naga warriors
  2 vault guards
  A rakshasa (Depths:1)
  A salamander tyrant (Snake:4)
  3 anacondas
  A peacekeeper (Vaults:4)
  An ogre mage (D:15)
  An ironbound frostheart (Vaults:2)
  A centaur warrior (D:13)
  A dancing weapon (Elf:1)
  2 death yaks
  An orc high priest (Orc:2)
  A shock serpent (Snake:1)
  5 naga sharpshooters
  A tengu warrior (Depths:3)
  2 deep elf knights
  3 sea snakes
  A spectral death yak (Lair:6)
  2 glowing orange brains
  3 deep trolls
  4 naga ritualists
  3 lindwurms
  5 wizards
  9 ugly things
  4 deep elf pyromancers
  2 deep elf zephyrmancers
  4 necromancers
  2 ironbound convokers (Vaults:2)
  2 orc knights
  2 cyclopes
  4 mana vipers
  A manticore (D:11)
  An orc sorcerer (Orc:2)
  3 salamanders
  3 moths of wrath
  A merfolk siren (Shoals:1)
  2 elephants (Lair:6)
  A vault sentinel (Vaults:4)
  3 guardian serpents
  A naga mage (Snake:4)
  4 black mambas
  5 cane toads
  An unseen horror (Depths:2)
  3 water nymphs
  4 yaktaurs
  A gargoyle (D:12)
  3 komodo dragons
  A rime drake (Lair:5)
  3 merfolk
  A troll (D:11)
  3 wind drakes (Shoals:4)
  2 hornets
  4 blink frogs
  2 dream sheep
  6 slime creatures
  A snapping turtle (Shoals:1)
  A snapping turtle (shapeshifter) (D:15)
  A shadow (D:12)
  4 water elementals
  A wyvern (Lair:2)
  A spriggan (Depths:3)
  A ynoxinul (Gauntlet)
  3 air elementals
  4 humans (D:13)
  3 basilisks
  15 yaks
  4 vampire mosquitoes
  2 nagas
  An acid dragon (D:12)
  2 water moccasins
  4 orc warriors
  An elephant zombie (Lair:6)
  2 wolves
  An ogre (Orc:2)
  An earth elemental (Elf:1)
  A cane toad simulacrum (Lair:6)
  2 wights (D:8)
  A killer bee (D:8)
  3 howler monkeys
  An electric eel (D:10)
  2 centaur zombies
  An orc priest (Orc:2)
  An iron imp (Gauntlet)
  2 hell rats (Lair:4)
  A hexer (D:9)
  2 orc wizards (D:9)
  A gnoll (D:11)
  12 orcs
  4 kobolds
295 creatures vanquished.

Vanquished Creatures (others)
  A caustic shrike (Depths:4)
  A very ugly thing (Vaults:4)
  A deep elf knight (Elf:1)
  A naga ritualist (Snake:4)
  A wizard (Vaults:1)
  A deep elf pyromancer (Elf:1)
  A deep elf zephyrmancer (Elf:1)
  A black mamba (Snake:2)
  A yak (Lair:6)
  4 ancestors (D:8)
  96 hexers
  3 bushes (Lair:6)
  3 foxfires
  33 fungi
  61 plants
  25 withered plants (Lair:6)
234 creatures vanquished.

Grand Total: 2471 creatures vanquished

Notes
Turn   | Place    | Note
-------+----------+-------------------------------------------
     0 | D:1      | AarnesTheHuman the Gnoll Fighter began the quest for the
                  | Orb.
     0 | D:1      | Reached XP level 1. HP: 23/23 MP: 1/1
    24 | D:1      | Found a faded altar of an unknown god.
   134 | D:1      | Reached XP level 2. HP: 29/29 MP: 2/2
   398 | D:1      | Reached XP level 3. HP: 35/35 MP: 3/3
   767 | D:2      | Reached skill level 1 in Invocations
   858 | D:2      | Found a white marble altar of Elyvilon.
   883 | D:2      | Identified the +8 flail of Lube {freeze, rCorr Str-3
                  | Stlth+}
  1040 | D:2      | Reached skill level 1 in Short Blades
  1040 | D:2      | Reached skill level 1 in Long Blades
  1040 | D:2      | Reached skill level 1 in Maces & Flails
  1040 | D:2      | Reached skill level 1 in Polearms
  1040 | D:2      | Reached skill level 1 in Staves
  1040 | D:2      | Reached skill level 1 in Slings
  1040 | D:2      | Reached skill level 1 in Bows
  1040 | D:2      | Reached skill level 1 in Crossbows
  1040 | D:2      | Reached skill level 1 in Throwing
  1040 | D:2      | Reached skill level 1 in Dodging
  1040 | D:2      | Reached skill level 1 in Stealth
  1040 | D:2      | Reached skill level 1 in Unarmed Combat
  1040 | D:2      | Reached skill level 1 in Spellcasting
  1040 | D:2      | Reached skill level 1 in Evocations
  1181 | D:2      | Reached XP level 4. HP: 41/41 MP: 5/5
  1737 | D:3      | Noticed Terence
  1750 | D:2      | Killed Terence
  1751 | D:2      | Reached skill level 1 in Conjurations
  1751 | D:2      | Reached skill level 1 in Hexes
  1751 | D:2      | Reached skill level 1 in Summonings
  1751 | D:2      | Reached skill level 1 in Necromancy
  1751 | D:2      | Reached skill level 1 in Translocations
  1751 | D:2      | Reached skill level 1 in Transmutations
  1751 | D:2      | Reached skill level 1 in Fire Magic
  1751 | D:2      | Reached skill level 1 in Ice Magic
  1751 | D:2      | Reached skill level 1 in Air Magic
  1751 | D:2      | Reached skill level 1 in Earth Magic
  1751 | D:2      | Reached skill level 1 in Poison Magic
  1844 | D:3      | Reached XP level 5. HP: 47/47 MP: 5/7
  2142 | D:3      | Found a snail-covered altar of Cheibriados.
  2377 | D:4      | Reached skill level 2 in Invocations
  2377 | D:4      | Reached XP level 6. HP: 53/53 MP: 8/8
  2384 | D:4      | Noticed a necrophage
  2387 | D:4      | Killed a necrophage
  2388 | D:4      | Reached skill level 5 in Axes
  2564 | D:4      | Reached XP level 7. HP: 50/59 MP: 10/10
  2780 | D:4      | Found an ancient bone altar of Kikubaaqudgha.
  3662 | D:4      | Reached skill level 3 in Invocations
  4154 | D:5      | Entered Level 5 of the Dungeon
  4154 | D:5      | Noticed Prince Ribbit
  4163 | D:4      | Killed Prince Ribbit
  4164 | D:4      | Reached XP level 8. HP: 64/67 MP: 12/12
  4985 | D:5      | Noticed Menkaure
  4990 | D:5      | Killed Menkaure
  5200 | D:5      | Noticed Ijyb
  5208 | D:5      | Killed Ijyb
  5351 | D:5      | Reached skill level 4 in Invocations
  5435 | D:5      | Noticed Eustachio
  5442 | D:5      | Killed Eustachio
  5482 | D:5      | Found Tuos's Antique Weapon Boutique.
  5495 | D:5      | Reached XP level 9. HP: 61/73 MP: 14/14
  6523 | D:6      | Found a radiant altar of Vehumet.
  6592 | D:6      | Found a hazy altar of Hepliaklqana.
  6595 | D:6      | Became a worshipper of Hepliaklqana the Forgotten
  6701 | D:6      | Reached skill level 5 in Invocations
  7607 | D:6      | Reached XP level 10. HP: 80/80 MP: 17/17
  8103 | D:7      | Reached skill level 5 in Short Blades
  8103 | D:7      | Reached skill level 5 in Long Blades
  8103 | D:7      | Reached skill level 5 in Maces & Flails
  8103 | D:7      | Reached skill level 5 in Polearms
  8103 | D:7      | Reached skill level 5 in Staves
  8103 | D:7      | Reached skill level 5 in Slings
  8103 | D:7      | Reached skill level 5 in Bows
  8103 | D:7      | Reached skill level 5 in Crossbows
  8103 | D:7      | Reached skill level 5 in Throwing
  8103 | D:7      | Reached skill level 5 in Dodging
  8103 | D:7      | Reached skill level 5 in Stealth
  8103 | D:7      | Reached skill level 5 in Unarmed Combat
  8103 | D:7      | Reached skill level 5 in Spellcasting
  8103 | D:7      | Reached skill level 5 in Evocations
  8267 | D:7      | Found a shimmering altar of Xom.
  8298 | D:7      | Found a staircase to the Ecumenical Temple.
  8379 | D:7      | Found an ornate altar of the Wu Jian Council.
  8380 | D:7      | Found a shadowy altar of Dithmenos.
  8385 | D:7      | Found a blossoming altar of Fedhas.
  8387 | D:7      | Found a burning altar of Makhleb.
  8387 | D:7      | Found an iron altar of Okawaru.
  8388 | D:7      | Found a sacrificial altar of Ru.
  8389 | D:7      | Found a white marble altar of Elyvilon.
  8975 | D:8      | Identified a scroll of acquirement
  8975 | D:8      | Acquired the +3 Elemental Staff {rElec rF++ rC++ AC+5}
  8975 | D:8      | Found the +3 Elemental Staff {rElec rF++ rC++ AC+5}
  8990 | D:8      | Reached * piety under Hepliaklqana
  9223 | D:8      | Noticed a two-headed ogre
  9250 | D:8      | Killed a two-headed ogre
  9290 | D:8      | Reached skill level 6 in Invocations
  9454 | D:8      | Found a staircase to the Lair.
  9493 | D:8      | Noticed Harold
  9586 | D:8      | Killed Harold
  9907 | D:8      | Noticed a five-headed hydra
  9954 | Temple   | Entered the Ecumenical Temple
 10232 | D:8      | Killed a five-headed hydra
 10233 | D:8      | Reached XP level 11. HP: 13/78 MP: 19/19
 11153 | D:8      | Noticed a two-headed ogre
 11160 | D:8      | Killed a two-headed ogre
 11161 | D:8      | Reached skill level 5 in Conjurations
 11161 | D:8      | Reached skill level 5 in Hexes
 11161 | D:8      | Reached skill level 5 in Summonings
 11161 | D:8      | Reached skill level 5 in Necromancy
 11161 | D:8      | Reached skill level 5 in Translocations
 11161 | D:8      | Reached skill level 5 in Transmutations
 11161 | D:8      | Reached skill level 5 in Fire Magic
 11161 | D:8      | Reached skill level 5 in Ice Magic
 11161 | D:8      | Reached skill level 5 in Air Magic
 11161 | D:8      | Reached skill level 5 in Earth Magic
 11161 | D:8      | Reached skill level 5 in Poison Magic
 11576 | D:9      | Reached ** piety under Hepliaklqana
 11578 | D:9      | Remembered your ancestor Shiptu as a hexer
 12111 | D:9      | Found a runed translucent door.
 12549 | D:9      | Noticed an orc knight
 12642 | D:9      | Killed an orc knight
 12643 | D:9      | Reached skill level 7 in Invocations
 12977 | Lair:1   | Entered Level 1 of the Lair of Beasts
 14219 | Lair:1   | Reached *** piety under Hepliaklqana
 14239 | Lair:1   | Found a blossoming altar of Fedhas.
 14241 | Lair:1   | Noticed an oklob plant
 14241 | Lair:1   | Noticed an oklob plant
 14328 | Lair:1   | Reached XP level 12. HP: 85/86 MP: 22/22
 15315 | Lair:2   | Noticed an eight-headed hydra
 15322 | Lair:2   | Killed an eight-headed hydra
 15360 | Lair:2   | Learned a level 1 spell: Foxfire
 15383 | Lair:2   | Noticed a six-headed hydra
 15406 | Lair:1   | Killed a six-headed hydra
 15692 | Lair:2   | Reached skill level 8 in Invocations
 16132 | Lair:2   | Reached skill level 10 in Fighting
 16132 | Lair:2   | Reached skill level 10 in Armour
 16132 | Lair:2   | Reached skill level 10 in Shields
 16498 | Lair:3   | Reached **** piety under Hepliaklqana
 16579 | Lair:3   | Noticed an eight-headed hydra
 16587 | Lair:3   | Killed an eight-headed hydra
 17124 | Lair:3   | Noticed a seven-headed hydra
 17132 | Lair:3   | Killed a seven-headed hydra
 17784 | Lair:4   | Reached XP level 13. HP: 92/92 MP: 24/24
 18925 | Lair:4   | Found a staircase to the Snake Pit.
 19496 | Lair:4   | Found a staircase to the Shoals.
 19577 | Lair:4   | Reached ***** piety under Hepliaklqana
 19649 | Lair:4   | Reached skill level 9 in Invocations
 20231 | Lair:5   | Found a staircase to the Slime Pits.
 20231 | Lair:5   | Found a viscous altar of Jiyva.
 20293 | Lair:4   | Learned a level 2 spell: Blink
 21423 | Lair:6   | Entered Level 6 of the Lair of Beasts
 22014 | Lair:6   | Noticed Wynaec's ghost (journeyman MiFi)
 22589 | Lair:6   | Found a runed translucent gate.
 22589 | Lair:6   | Found a runed translucent gate.
 22589 | Lair:6   | Found a runed translucent gate.
 23028 | Lair:6   | Reached skill level 10 in Axes
 23092 | Lair:6   | Reached XP level 14. HP: 101/101 MP: 26/26
 24451 | Lair:6   | Noticed a dire elephant
 24451 | Lair:6   | Noticed a dire elephant
 24511 | Lair:6   | Noticed a dire elephant
 24524 | Lair:6   | Killed a dire elephant
 25088 | Lair:6   | Reached skill level 10 in Invocations
 25652 | Lair:6   | Killed a dire elephant
 25948 | Lair:6   | Killed a dire elephant
 26424 | D:5      | Bought a fine war axe for 195 gold pieces
 26424 | D:5      | Identified the +8 war axe of the Warrior {drain, +Blink
                  | rElec} (You bought it in a shop on level 5 of the Dungeon)
 26579 | D:10     | Entered Level 10 of the Dungeon
 26877 | D:5      | Bought a runed hand crossbow for 149 gold pieces
 28288 | D:10     | Found a staircase to the Orcish Mines.
 28509 | D:10     | Found a sparkling altar of Nemelex Xobeh.
 28925 | D:11     | Found a gate leading to a gauntlet.
 28938 | Gauntlet | Entered a Gauntlet
 28938 | Gauntlet | Found a transporter.
 28938 | Gauntlet | Found a transporter.
 28939 | Gauntlet | Found a transporter.
 28942 | Gauntlet | Found a transporter.
 28942 | Gauntlet | Found a transporter.
 28944 | Gauntlet | Found a transporter.
 28952 | Gauntlet | Found a transporter.
 28956 | Gauntlet | Found a transporter.
 28966 | Gauntlet | Found the +0 staff of Battle
 28968 | Gauntlet | Found a transporter.
 29068 | Gauntlet | Found a transporter.
 29072 | Gauntlet | Found a transporter.
 29084 | Gauntlet | Found a transporter.
 29107 | Gauntlet | Learned a level 3 spell: Confusing Touch
 29250 | Gauntlet | Identified the amulet of the Gloaming {Reflect Str+4 SH+5}
 29321 | Gauntlet | Got the Reference Book on Transformation
 29436 | Gauntlet | Identified the +3 pair of gloves "Himalus" {Fly Regen+
                  | Str-2 Slay+3}
 29438 | Gauntlet | Identified the ring "Ziafutte" {rC+ Will+ Slay+3}
 29440 | Gauntlet | Identified the +0 robe of Yggoetum {rElec Dex+3}
 29441 | Gauntlet | Got Zynuhin's Almanac of Execration
 29652 | D:11     | Noticed Gastronok
 29810 | D:11     | Killed Gastronok
 29980 | D:11     | Reached XP level 15. HP: 103/108 MP: 28/28
 30477 | Orc:1    | Entered Level 1 of the Orcish Mines
 30592 | Orc:2    | Entered Level 2 of the Orcish Mines
 30592 | Orc:2    | Noticed Snorg
 30597 | Orc:2    | Killed Snorg
 30610 | Orc:2    | Noticed Urug
 30764 | Orc:2    | Killed Urug
 30832 | Orc:1    | Found Leesmeuha's Armour Emporium.
 30976 | Orc:1    | Reached ****** piety under Hepliaklqana
 31274 | Orc:2    | Reached skill level 10 in Short Blades
 31274 | Orc:2    | Reached skill level 10 in Long Blades
 31274 | Orc:2    | Reached skill level 10 in Maces & Flails
 31274 | Orc:2    | Reached skill level 10 in Polearms
 31274 | Orc:2    | Reached skill level 10 in Staves
 31274 | Orc:2    | Reached skill level 10 in Slings
 31274 | Orc:2    | Reached skill level 10 in Bows
 31274 | Orc:2    | Reached skill level 10 in Crossbows
 31274 | Orc:2    | Reached skill level 10 in Throwing
 31274 | Orc:2    | Reached skill level 10 in Dodging
 31274 | Orc:2    | Reached skill level 10 in Stealth
 31274 | Orc:2    | Reached skill level 10 in Unarmed Combat
 31274 | Orc:2    | Reached skill level 10 in Spellcasting
 31274 | Orc:2    | Reached skill level 10 in Evocations
 31683 | Orc:2    | Found a staircase to the Elven Halls.
 31952 | Orc:2    | Reached skill level 11 in Invocations
 32114 | Orc:2    | Found Loschut's Weapon Shoppe.
 32114 | Orc:2    | Found Zabyckuu's Armour Shoppe.
 32115 | Orc:2    | Found Lukineem's Armour Boutique.
 32115 | Orc:2    | Found Doujacw's Distillery.
 32461 | Orc:2    | Bought the +2 gold dragon scales "Fext" {Drain Fly rPois
                  | rF+ rC+ Dex+2} for 1270 gold pieces
 32792 | D:12     | You are sucked into a shaft and drop 2 floors!
 33059 | D:14     | Found a hazy altar of Hepliaklqana.
 33450 | D:14     | Found Qafyl's Jewellery Shop.
 33597 | D:14     | Got the Catalogue of Supportive Evil
 33863 | D:12     | Identified the +4 scimitar of Hacking and Slashing
                  | {antimagic, rF+ Int-2 Stlth+}
 35025 | D:12     | Found Zeufaexi's Armour Shoppe.
 35677 | D:13     | Reached XP level 16. HP: 115/115 MP: 30/30
 36100 | D:13     | Got Tuaca's Reference Book on the Ghastly Voyage
 36130 | D:13     | Found a gate to the Vaults.
 36818 | D:15     | Entered Level 15 of the Dungeon
 37813 | D:15     | Identified the +1 leather armour of the Comet {Harm
                  | *Corrode +Inv Dex-3}
 37927 | D:15     | Found a radiant altar of Vehumet.
 38000 | D:15     | Reached skill level 12 in Invocations
 38581 | D:15     | Found a staircase to the Depths.
 39057 | Snake:1  | Entered Level 1 of the Snake Pit
 40776 | Snake:2  | Reached XP level 17. HP: 117/122 MP: 32/32
 42124 | Snake:2  | Noticed Vashnia
 42177 | Snake:2  | Killed Vashnia
 42707 | Snake:2  | Reached skill level 10 in Conjurations
 42707 | Snake:2  | Reached skill level 10 in Hexes
 42707 | Snake:2  | Reached skill level 10 in Summonings
 42707 | Snake:2  | Reached skill level 10 in Necromancy
 42707 | Snake:2  | Reached skill level 10 in Translocations
 42707 | Snake:2  | Reached skill level 10 in Transmutations
 42707 | Snake:2  | Reached skill level 10 in Fire Magic
 42707 | Snake:2  | Reached skill level 10 in Ice Magic
 42707 | Snake:2  | Reached skill level 10 in Air Magic
 42707 | Snake:2  | Reached skill level 10 in Earth Magic
 42707 | Snake:2  | Reached skill level 10 in Poison Magic
 44188 | Snake:3  | Found Ziapuonn's Book Shop.
 44786 | Snake:4  | Entered Level 4 of the Snake Pit
 44786 | Snake:4  | Found Wudip's Jewellery Boutique.
 44825 | Snake:3  | Reached skill level 13 in Invocations
 45289 | Snake:4  | Reached XP level 18. HP: 118/129 MP: 34/34
 48361 | Snake:4  | Got a serpentine rune of Zot
 49550 | Snake:4  | Found Wudip's Jewellery Boutique.
 49798 | Snake:4  | Bought the ring of Qegoec {Will+ EV+4} for 874 gold pieces
 49937 | Shoals:1 | Entered Level 1 of the Shoals
 50585 | Shoals:1 | Reached XP level 19. HP: 136/136 MP: 35/35
 51187 | Shoals:2 | Found a transporter.
 51189 | Shoals:2 | Found a transporter.
 51227 | Shoals:2 | Found a runed translucent gate.
 51228 | Shoals:2 | Found a runed translucent gate.
 51229 | Shoals:2 | Found a runed translucent gate.
 51230 | Shoals:2 | Found a transporter.
 51231 | Shoals:2 | Found an opulent altar of Gozag.
 51233 | Shoals:2 | Noticed Xej Laupn's ghost (adept HOMo)
 51235 | Shoals:2 | Found a transporter.
 51300 | Shoals:2 | Reached skill level 14 in Invocations
 51420 | Shoals:2 | Found a transporter.
 51439 | Shoals:2 | Found a transporter.
 53234 | Shoals:4 | Entered Level 4 of the Shoals
 53249 | Shoals:4 | Paralysed by an air elemental for 1 turns
 53374 | Shoals:4 | Paralysed by an air elemental for 1 turns
 53448 | Shoals:4 | Identified the +11 scimitar of Balance {venom, Str+5 Dex-3}
 53527 | Shoals:4 | Paralysed by an air elemental for 1 turns
 54206 | Shoals:4 | Paralysed by an air elemental for 1 turns
 54455 | Shoals:4 | Noticed Bai Suzhen
 55410 | Shoals:4 | Killed Bai Suzhen
 55414 | Shoals:4 | Noticed Donald
 55627 | Shoals:4 | Killed Donald
 56002 | Shoals:4 | Got a barnacled rune of Zot
 56007 | Shoals:4 | Identified the ring "Fiaquc" {rElec EV+4 Slay+4}
 56661 | Vaults:1 | Entered Level 1 of the Vaults
 57114 | Vaults:1 | Noticed Saint Roka
 57194 | Vaults:1 | Killed Saint Roka
 58249 | Vaults:1 | Reached XP level 20. HP: 144/144 MP: 37/37
 58840 | Vaults:1 | Found Gozag's Antique Armour Boutique.
 58876 | Vaults:1 | Found an opulent altar of Gozag.
 58876 | Vaults:1 | Found Gozag's Antique Armour Shop.
 58904 | Vaults:1 | Reached skill level 15 in Fighting
 58904 | Vaults:1 | Reached skill level 15 in Armour
 58904 | Vaults:1 | Reached skill level 15 in Shields
 59045 | Vaults:1 | Found Gozag's Antique Armour Shop.
 59681 | Vaults:1 | Reached skill level 15 in Invocations
 60317 | Vaults:2 | Found a flickering gateway to a bazaar.
 60342 | Bazaar   | Entered a bazaar
 60346 | Bazaar   | Found Oxzemex's Antique Armour Boutique.
 60368 | Bazaar   | Found Osilic Sauq's Antique Weapon Emporium.
 60389 | Bazaar   | Found Owemmuk's Book Boutique.
 60409 | Bazaar   | Found Waneckupt's Antique Armour Shoppe.
 60436 | Bazaar   | Bought a faintly humming cloak for 199 gold pieces
 60436 | Bazaar   | Identified the +0 cloak of Emainynk {Will+} (You bought it
                  | in a shop in a bazaar)
 60446 | Bazaar   | Bought a bronze chain mail for 199 gold pieces
 60446 | Bazaar   | Identified the +0 chain mail of an ice cave {Harm Slay+3}
                  | (You bought it in a shop in a bazaar)
 60446 | Bazaar   | Bought a scorched chain mail for 199 gold pieces
 60446 | Bazaar   | Identified the +8 chain mail of Reiddadgh {rN+} (You bought
                  | it in a shop in a bazaar)
 61272 | Vaults:2 | Reached XP level 21. HP: 152/152 MP: 39/39
 61350 | Vaults:2 | Identified the ring of Patience {MP+9 Int+5 Dex+6 Slay-2}
 62412 | Vaults:2 | Reached skill level 15 in Axes
 63071 | Vaults:3 | Found a staircase to the Crypt.
 63111 | Vaults:3 | Identified the ring of the Dolphin {Fly rF+++ rC- Will+
                  | Slay+6}
 63794 | Vaults:3 | Noticed Sojobo
 64010 | Vaults:3 | Killed Sojobo
 65129 | Vaults:3 | Noticed Mennas
 65175 | Vaults:3 | Killed Mennas
 65384 | Vaults:3 | Found Dodaup Odek's Jewellery Emporium.
 66086 | Vaults:3 | Learned a level 2 spell: Poisonous Vapours
 66381 | Vaults:4 | Reached skill level 16 in Invocations
 66836 | Vaults:4 | Reached XP level 22. HP: 157/159 MP: 40/40
 67679 | Vaults:4 | Noticed Boris
 67817 | Vaults:4 | Killed Boris
 67893 | Vaults:4 | Reached skill level 15 in Short Blades
 67893 | Vaults:4 | Reached skill level 15 in Long Blades
 67893 | Vaults:4 | Reached skill level 15 in Maces & Flails
 67893 | Vaults:4 | Reached skill level 15 in Polearms
 67893 | Vaults:4 | Reached skill level 15 in Staves
 67893 | Vaults:4 | Reached skill level 15 in Slings
 67893 | Vaults:4 | Reached skill level 15 in Bows
 67893 | Vaults:4 | Reached skill level 15 in Crossbows
 67893 | Vaults:4 | Reached skill level 15 in Throwing
 67893 | Vaults:4 | Reached skill level 15 in Dodging
 67893 | Vaults:4 | Reached skill level 15 in Stealth
 67893 | Vaults:4 | Reached skill level 15 in Unarmed Combat
 67893 | Vaults:4 | Reached skill level 15 in Spellcasting
 67893 | Vaults:4 | Reached skill level 15 in Evocations
 68125 | Vaults:4 | Learned a level 3 spell: Stone Arrow
 68316 | Elf:1    | Entered Level 1 of the Elven Halls
 68728 | D:14     | Bought the ring of Lueckote {rF+ rCorr Str-4 SInv} for 393
                  | gold pieces
 69483 | Elf:1    | Found the +5 demon whip "Spellbinder" {antimagic, Will+}
 70034 | Elf:1    | Got Foegh's Reference Book on Evil Arts
 70278 | Elf:2    | Found Leagrus's Distillery.
 70327 | Elf:2    | Found a runed translucent gate.
 70336 | Elf:2    | Found a runed translucent gate.
 70336 | Elf:2    | Found a runed translucent gate.
 70426 | Elf:1    | Paralysed by an air elemental for 1 turns
 70964 | Elf:2    | Paralysed by an air elemental for 1 turns
 70968 | Elf:2    | Paralysed by an air elemental for 1 turns
 71825 | Elf:3    | Entered Level 3 of the Elven Halls
 74531 | Elf:3    | Reached XP level 23. HP: 167/167 MP: 14/42
 75129 | Elf:3    | Identified the +0 chain mail of Wu Jian's Approval {Dex+5}
 75131 | Elf:3    | Got Hoisuic's Compendium of Heat and Enchantment
 75169 | Elf:3    | Identified the +4 hunting sling of Plague {vorpal, SInv}
 75602 | Depths:1 | Entered Level 1 of the Depths
 76157 | Depths:1 | Noticed Boris
 76269 | Depths:1 | Killed Boris
 77195 | Depths:1 | Found a one-way gate to the infinite horrors of the Abyss.
 77201 | Depths:1 | Found an opulent altar of Gozag.
 77206 | Depths:1 | Found Gozag's Platinum Reserve.
 77379 | Depths:1 | Found a gateway to Hell.
 77523 | Depths:1 | Acquired 853 gold pieces
 77637 | Depths:2 | Reached skill level 17 in Invocations
 77662 | Depths:2 | Noticed a golden dragon
 77673 | Depths:1 | Killed a golden dragon
 77709 | Depths:2 | Noticed a golden dragon
 77711 | Depths:2 | Noticed a golden dragon
 77713 | Depths:2 | Identified the +6 rapier of the Dripping Ancients {spect,
                  | Will+}
 77742 | Depths:1 | Killed a golden dragon
 77756 | Depths:2 | Killed a golden dragon
 78329 | Depths:2 | Noticed Louise
 78338 | Depths:2 | Killed Louise
 78399 | Depths:2 | Identified the amulet of Bogaciv {RegenMP rN+}
 78665 | Depths:2 | Got the Catalogue of Frigorific Flight
 78670 | Depths:2 | Learned a level 3 spell: Frozen Ramparts
 78741 | Depths:2 | Got the Collected Works on Enthralling Shape Shifting
 78742 | Depths:2 | Identified the +4 scimitar of the Big Fish {distort, rN+
                  | Str+7}
 78799 | Depths:2 | Noticed a golden dragon
 78811 | Depths:2 | Killed a golden dragon
 78967 | Depths:2 | Found a one-way gate leading to the halls of Pandemonium.
 79312 | Depths:3 | Found a one-way gateway to a ziggurat.
 79537 | Depths:3 | Reached XP level 24. HP: 164/175 MP: 43/43
 79952 | Depths:3 | Learned a level 2 spell: Wereblood
 80019 | Depths:3 | Noticed a juggernaut
 80075 | Depths:3 | Noticed a juggernaut
 80084 | Depths:3 | Killed a juggernaut
 80087 | Depths:3 | Killed a juggernaut
 80765 | Depths:3 | Found a hide-covered altar of Uskayaw.
 80823 | Depths:4 | Entered Level 4 of the Depths
 81208 | Depths:4 | Identified the +1 robe of Teemebit {rElec Int-2 Slay+4}
 81227 | Depths:4 | Noticed a caustic shrike
 81241 | Depths:4 | Killed a caustic shrike
 81596 | Depths:4 | Identified the +8 lajatang of the Coin {vamp, rElec rF+++
                  | Str-2 Stlth-}
 81606 | Depths:4 | Got Kauly Cun's Tome of the Displaced Blaze
 81823 | Depths:4 | Found a gate to the Realm of Zot.
 81829 | Depths:4 | Reached skill level 18 in Invocations
 81872 | Depths:4 | Noticed an ancient lich
 81884 | Depths:4 | Killed an ancient lich
 82043 | Depths:4 | Identified the ring "Joid Fyu" {rC- MP+9 Dex+6}
 82053 | Depths:4 | Acquired the -1 tower shield of the Solstice {Drain rElec
                  | Will+}
 82156 | Depths:4 | Reached XP level 25. HP: 182/182 MP: 42/43
 82638 | Vaults:4 | Learned a level 4 spell: Olgreb's Toxic Radiance
 82643 | Vaults:4 | Learned a level 4 spell: Passage of Golubria
 82647 | Vaults:4 | Learned a level 3 spell: Ignite Poison
 82648 | Vaults:5 | Entered Level 5 of the Vaults
 82711 | Vaults:5 | Noticed an ancient lich
 82984 | Vaults:4 | Killed an ancient lich
 83779 | Vaults:5 | Identified the +9 scimitar of Pizoel {drain, *Corrode rPois
                  | rC+ rN+}
 83963 | Vaults:5 | Identified the ring "Ewnerawn" {rC+ EV+4 Str+2}
 83979 | Vaults:5 | Identified the ring "Terru" {rPois MP+9}
 84353 | Vaults:5 | Noticed a dread lich
 84363 | Vaults:5 | Killed a dread lich
 85088 | Vaults:5 | Identified the +10 shortbow of Ufovips {freeze, rElec}
 85224 | Vaults:5 | Identified the +2 chain mail of the King of the Hill {Fly}
 85290 | Vaults:5 | Identified the +7 hand axe "Emiafu" {venom, *Corrode Str+5
                  | Dex+2}
 85338 | Vaults:5 | Noticed an ancient lich
 85353 | Vaults:5 | Killed an ancient lich
 85410 | Vaults:5 | Identified the +0 robe of Pride {Dex+4}
 85419 | Vaults:5 | Got a silver rune of Zot
 85442 | Vaults:5 | Identified the amulet "Danuadit" {Acrobat rElec rF+ Dex+4}
 85484 | Vaults:5 | Reached XP level 26. HP: 153/191 MP: 41/44
 86314 | Depths:4 | Learned a level 4 spell: Cause Fear
 86320 | Depths:4 | Learned a level 5 spell: Borgnjor's Vile Clutch
 86325 | Depths:4 | Learned a level 4 spell: Animate Dead
 86326 | Zot:1    | Entered Level 1 of the Realm of Zot
 87091 | Zot:1    | Identified the +1 ring mail "Taug" {rC++ Int-2}
 87416 | Zot:1    | Reached skill level 19 in Invocations
 87815 | Zot:1    | Reached skill level 15 in Conjurations
 87815 | Zot:1    | Reached skill level 15 in Hexes
 87815 | Zot:1    | Reached skill level 15 in Summonings
 87815 | Zot:1    | Reached skill level 15 in Necromancy
 87815 | Zot:1    | Reached skill level 15 in Translocations
 87815 | Zot:1    | Reached skill level 15 in Transmutations
 87815 | Zot:1    | Reached skill level 15 in Fire Magic
 87815 | Zot:1    | Reached skill level 15 in Ice Magic
 87815 | Zot:1    | Reached skill level 15 in Air Magic
 87815 | Zot:1    | Reached skill level 15 in Earth Magic
 87815 | Zot:1    | Reached skill level 15 in Poison Magic
 88154 | Zot:1    | Learned a level 5 spell: Freezing Cloud
 89173 | Zot:2    | Noticed a Killer Klown
 89206 | Zot:1    | Killed a Killer Klown
 89476 | Zot:2    | Noticed a Killer Klown
 89491 | Zot:2    | Killed a Killer Klown
 91701 | Zot:3    | Reached XP level 27. HP: 177/198 MP: 11/45
 91988 | Zot:3    | Learned a level 5 spell: Irradiate
 91994 | Zot:3    | Learned a level 5 spell: Manifold Assault
 92661 | Zot:3    | Identified the +1 leather armour of Tender Moments {Will+
                  | Dex+3 Stlth-}
 92850 | Zot:3    | Identified the +3 plate armour of Thoughtfulness {Int+2}
 92851 | Zot:3    | Identified the +4 morningstar of Midnight {vamp, rPois
                  | Dex+3}
 92984 | Zot:3    | Identified the +1 leather armour of a Thousand Dreams
                  | {Will+ Int+4 Dex-3}
 94939 | Zot:4    | Noticed a dread lich
 94942 | Zot:4    | Noticed a dread lich
 94943 | Zot:4    | Noticed a dread lich
 94946 | Zot:4    | Noticed a dread lich
 95185 | Zot:3    | Killed a dread lich
 95211 | Zot:3    | Killed a dread lich
 95224 | Zot:3    | Killed a dread lich
 95360 | Zot:4    | Killed a dread lich
 95574 | Zot:4    | Noticed a dread lich
 95587 | Zot:4    | Gained mutation: You are weak. (Str -2) [a cacodemon]
 95702 | Zot:4    | Killed a dread lich
 95933 | Zot:4    | Identified the +2 scale mail of the Land of Plenty {rElec
                  | rCorr Int-4 Stlth+}
 96573 | Zot:5    | Entered Level 5 of the Realm of Zot
 97571 | Zot:5    | Reached skill level 20 in Invocations
 97688 | Zot:5    | Noticed a dread lich
 97729 | Zot:5    | Killed a dread lich
 98091 | Zot:5    | Noticed a dread lich
 98184 | Zot:5    | Killed a dread lich
 98565 | Zot:5    | Noticed an orb of fire
 98580 | Zot:5    | Killed an orb of fire
 99417 | Zot:5    | Learned a level 3 spell: Swiftness
 99439 | Zot:5    | Noticed an orb of fire
 99444 | Zot:5    | Noticed an orb of fire
 99451 | Zot:5    | Noticed an ancient lich
 99469 | Zot:5    | Noticed an orb of fire
 99496 | Zot:4    | Killed an orb of fire
 99673 | Zot:4    | Gained mutation: You sometimes lose the ability to read
                  | scrolls when taking damage. [an orb of fire]
 99675 | Zot:4    | Killed an orb of fire
100996 | Lair:5   | Lost mutation: You sometimes lose the ability to read
                  | scrolls when taking damage. [potion of mutation]
100996 | Lair:5   | Lost mutation: You are weak. (Str -2) [potion of mutation]
100996 | Lair:5   | Gained mutation: You have an increased reservoir of magic.
                  | (+10% MP) [potion of mutation]
100996 | Lair:5   | Gained mutation: You tend to lose your temper in combat.
                  | [potion of mutation]
100996 | Lair:5   | Gained mutation: You are clumsy. (Dex -2) [potion of
                  | mutation]
100997 | Lair:5   | Lost mutation: You have an increased reservoir of magic.
                  | (+10% MP) [potion of mutation]
100997 | Lair:5   | Lost mutation: You tend to lose your temper in combat.
                  | [potion of mutation]
100997 | Lair:5   | Gained mutation: You are frail. (-10% HP) [potion of
                  | mutation]
101876 | Zot:4    | Gained mutation: You are very frail. (-20% HP) [an orb of
                  | fire]
101891 | Zot:4    | Killed an orb of fire
102159 | Zot:5    | Killed an ancient lich
103295 | Zot:5    | Noticed an ancient lich
103311 | Zot:5    | Killed an ancient lich
103571 | Zot:5    | Noticed an orb of fire
103574 | Zot:5    | Noticed an orb of fire
103574 | Zot:5    | Noticed an orb of fire
103576 | Zot:5    | Noticed an orb of fire
103579 | Zot:5    | Gained mutation: You tend to lose your temper in combat.
                  | [an orb of fire]
103583 | Zot:5    | HP: 7/156 [orb of fire/bolt of fire (20)]
103583 | Zot:5    | Killed from afar by an orb of fire

Illustrated notes

Levels and vault maps discovered:
D:1:      dpeg_arrival_rooms_b, layout_loops_ring,
          ebering_ecumenical_altar_ruins, minmay_3d_cube
D:2:      layout_loops_ring, serial_forest, infiniplex_forest_clump_double,
          infiniplex_forest_straight_2, infiniplex_forest_fountain,
          infiniplex_forest_corner_1, infiniplex_forest_zigzag_1,
          infiniplex_forest_straight_5, basic_altar
D:3:      layout_rooms, nicolae_overflow_crystal_walls, uniq_terence
D:4:      layout_cave_pods, lemuel_mausoleum_altar_kikubaaqudgha
D:5:      minmay_octagon_keep, layout_loops_ring, nicolae_wooded_promenade,
          minmay_small_thing, uniq_eustachio, uniq_ijyb, uniq_menkaure,
          uniq_prince_ribbit1
D:6:      layout_gridville, mainiacjoe_overflow_swirl
D:7:      layout_rooms, minitemple, mainiacjoe_overflow_boulevard,
          minmay_temple_entry_from_below_a
D:8:      minmay_chambers_of_sevens, layout_loops_corners, lair_entry_dummy,
          serial_undead, serial_undead_a, serial_undead_a, serial_undead_d,
          serial_undead_b, uniq_harold
D:9:      layout_basic, lightli_church_of_beogh
D:10:     layout_loops_corners, nemelex_xobeh_ov_fountains_minmay, erik_orc_2
D:11:     minmay_s_stair_smasher, layout_rooms, gauntlet_entry_generic,
          hex_large, uniq_gastronok
D:12:     kennysheep_bubbly, layout_long_grid, serial_shops, shop,
          evilmike_minifort
D:13:     layout_small_grid, grunt_vaults_entry_tiered, minmay_between
D:14:     layout_irregular_city, serial_shops, nicolae_square_shop,
          nicolae_hepliaklqana_hazy_memory
D:15:     gammafunk_enter_depths_forms, layout_irregular_city, moated_statue,
          minmay_misc_feat_columns, nicolae_vehumet_radiance
Temple:   compressed_dpeg_triangle_lava_temple
Lair:1:   layout_cave_pods, hangedman_tree_tricks
Lair:2:   layout_hall_layers
Lair:3:   layout_regular_city, nicolae_lair_lindhole, grunt_megastairs_5
Lair:4:   layout_cave_pods, elwin_shoals_entry_rooms,
          guppyfry_snake_entry_garden, serial_bayou_shore_b,
          infiniplex_staircase_pool_2, lemuel_fruit_tree
Lair:5:   layout_loops_ring, slime_altar_1, serial_bayou_pond_d,
          chequers_serial_rivers_micro_d, patterned_corridor
Lair:6:   due_jungle_book, layout_cave_pods, gammafunk_ghost_icy
Shoals:1: layout_shoals
Shoals:2: layout_shoals, ebering_ghost_gozag, serial_nicolae_subway,
          nicolae_sub_station_metal, nicolae_sub_station_crystal,
          nicolae_sub_station_stone
Shoals:3: layout_shoals, nicolae_shoals_lost_giant_pillars,
          nicolae_shoals_arrival_archipelago
Shoals:4: shoals_end_hellmonk_storm_palace [storm_palace_center_ruins,
          storm_palace_corner_pillars, storm_palace_corner_reverse_hut,
          storm_palace_corner_grid, storm_palace_corner_grid], uniq_donald,
          uniq_bai_suzhen
Snake:1:  layout_onion, nicolae_snake_biting_tails, nicolae_snake_squiggles,
          serial_bayou_shore_b, grunt_megastairs_2
Snake:2:  layout_grid_maze, grunt_megastairs_4, uniq_vashnia
Snake:3:  layout_layer_cave, serial_shops, nicolae_shop_stone
Snake:4:  grunt_snake_rune_spirals, layout_onion, grunt_ministairs_2,
          minmay_shop_enchanted_jewellery, drop_trap,
          nicolae_snake_magic_snake_eye
Orc:1:    layout_caves, serial_shops, shop
Orc:2:    st_orc_elflike, layout_caves, uniq_snorg, uniq_urug
Elf:1:    eino_elf_arrival_customs, layout_onion_city, minmay_elf_necromancy,
          lemuel_flamethrower_2
Elf:2:    elven_hall_of_blades_hangedman_original [nicolae_blade_tridents],
          layout_gridlike, serial_shops, shop, st_stairs_1
Elf:3:    minmay_elf_hall_quartered_circle, layout_loops_ring
Vaults:1: nicolae_vaults_hallways_thing, ontoclasm_vaults_pinch, v_misc_11,
          vaults_room_door_ring, ontoclasm_vaults_chip,
          nicolae_vaults_windows_and_doors_thing, v_rooms_5,
          vaults_standard_mumra_lines, vaults_room_semicircle,
          kennysheep_vaults_gozag_temple, hangedman_vaults_hat,
          nicolae_vaults_big_angled_halls, vaults_dpeg_hooks,
          layout_vaults_ring, uniq_saint_roka
Vaults:2: nicolae_vaults_network_square, grunt_vaults_funnel,
          nicolae_vaults_alarming, vaults_room_fours, nicolae_vaults_arrows,
          v_alt_pattern_5, vaults_room_pools, nicolae_vaults_octagons,
          vaults_room_pool, v_misc_17, vaults_dpeg_ring,
          layout_vaults_omnicross, serial_shops, bzr_entry_lakeside
Vaults:3: hangedman_vaults_cutoff, ontoclasm_vaults_hangar, v_misc_30,
          nicolae_vaults_angled_halls, minmay_crypt_entry_simple_box,
          nicolae_vaults_mini_display_case, vaults_mumra_chevron,
          nicolae_vaults_little_squares_4, layout_vaults_omnigrid, serial_shops,
          nicolae_shop_trees, uniq_sojobo, uniq_mennas
Vaults:4: hangedman_vaults_maws, nicolae_vaults_know_your_exits,
          vaults_room_octagon, vaults_room_door_hall,
          nicolae_vaults_little_squares_1, nicolae_vaults_shelves_hall,
          hangedman_vaults_stitches, nicolae_vaults_rhombus_6, v_rooms_6,
          dpeg_vaults_monster_row, grunt_vaults_focal, vaults_mumra_hex,
          ontoclasm_vaults_claustrophobia, layout_vaults_maze, uniq_boris
Vaults:5: serial_shops
Depths:1: layout_cave_pools, abyss_entry, grunt_mini_vestibule,
          hangedman_abyss_or_decor_slice, minmay_door_square,
          nicolae_gozag_zags_fifth_avenue, serial_bayou_shore_a,
          serial_bayou_shore_b
Depths:2: minmay_the_grid_square_5x5_3x3
          [minmay_the_grid_square_5x5_tetrominoes,
          minmay_the_grid_square_5x5_n_small, minmay_the_grid_square_5x5_eight,
          minmay_the_grid_square_5x5_corner,
          minmay_the_grid_square_5x5_megaprize_open,
          minmay_the_grid_square_5x5_fancy_junction,
          minmay_the_grid_square_5x5_two_small,
          minmay_the_grid_square_5x5_intrusive_squares,
          minmay_the_grid_square_5x5_empty], layout_twisted_cross, serial_glass,
          glass_columns_a, glass_columns_a, feat_on_display,
          due_unseen_surprise, feat_on_display, feat_on_display,
          skrybe_limestone_x, nicolae_abyss_entry_one_way_or_another,
          grunt_pan_entry_in_and_out, hell_entry, horrible_house_mu,
          minmay_staircase_statues
Depths:3: minmay_split_circle, layout_cave_pools, enter_ziggurat_f, abyss_entry,
          serial_glass, glass_columns_a, glass_columns_a, item_on_display_a,
          nicolae_uskayaw_suspiria, grunt_hell_entry_dis_old, minivault_11
Depths:4: hangedman_pleasuredromes, hell_entry
Zot:1:    kennysheep_spiral_hall, layout_onion_interference
Zot:2:    grunt_zot_stairs_faceoff, layout_twisted_circle
Zot:3:    layout_gridlike, st_single_dragon_hoard_2, st_small_dragon_hoard_4,
          hangedman_zot_diagonal_lockstep, grunt_megastairs_1
Zot:4:    hellmonk_paralyzer, layout_concentric_octagons
Zot:5:    layout_basic

Skill      XL: |  1  2  3  4  5  6  7  8  9 10 11 12 13 14 15 16 17 18 19 20 21 22 23 24 25 26 27 |
---------------+----------------------------------------------------------------------------------+-----
Invocations    | 1 2 3 4 5 6 7 8 9 10 11 12 13 14 15 16 17 18 19 20 | 20.4
Short Blades   | 1 2 3 4 5 6 7 8 9 10 11 12 13 14 15 16 17 18 | 18.9
Long Blades    | 1 2 3 4 5 6 7 8 9 10 11 12 13 14 15 16 17 18 | 18.9
Maces & Flails | 1 2 3 4 5 6 7 8 9 10 11 12 13 14 15 16 17 18 | 18.9
Polearms       | 1 2 3 4 5 6 7 8 9 10 11 12 13 14 15 16 17 18 | 18.9
Staves         | 1 2 3 4 5 6 7 8 9 10 11 12 13 14 15 16 17 18 | 18.9
Slings         | 1 2 3 4 5 6 7 8 9 10 11 12 13 14 15 16 17 18 | 18.9
Bows           | 1 2 3 4 5 6 7 8 9 10 11 12 13 14 15 16 17 18 | 18.9
Crossbows      | 1 2 3 4 5 6 7 8 9 10 11 12 13 14 15 16 17 18 | 18.9
Throwing       | 1 2 3 4 5 6 7 8 9 10 11 12 13 14 15 16 17 18 | 18.9
Dodging        | 1 2 3 4 5 6 7 8 9 10 11 12 13 14 15 16 17 18 | 18.9
Stealth        | 1 2 3 4 5 6 7 8 9 10 11 12 13 14 15 16 17 18 | 18.9
Unarmed Combat | 1 2 3 4 5 6 7 8 9 10 11 12 13 14 15 16 17 18 | 18.9
Spellcasting   | 1 2 3 4 5 6 7 8 9 10 11 12 13 14 15 16 17 18 | 18.9
Evocations     | 1 2 3 4 5 6 7 8 9 10 11 12 13 14 15 16 17 18 | 18.9
Conjurations   | 1 2 3 4 5 6 7 8 9 10 11 12 13 14 15 16 | 16.1
Hexes          | 1 2 3 4 5 6 7 8 9 10 11 12 13 14 15 16 | 16.1
Summonings     | 1 2 3 4 5 6 7 8 9 10 11 12 13 14 15 16 | 16.1
Necromancy     | 1 2 3 4 5 6 7 8 9 10 11 12 13 14 15 16 | 16.1
Translocations | 1 2 3 4 5 6 7 8 9 10 11 12 13 14 15 16 | 16.1
Transmutations | 1 2 3 4 5 6 7 8 9 10 11 12 13 14 15 16 | 16.1
Fire Magic     | 1 2 3 4 5 6 7 8 9 10 11 12 13 14 15 16 | 16.1
Ice Magic      | 1 2 3 4 5 6 7 8 9 10 11 12 13 14 15 16 | 16.1
Air Magic      | 1 2 3 4 5 6 7 8 9 10 11 12 13 14 15 16 | 16.1
Earth Magic    | 1 2 3 4 5 6 7 8 9 10 11 12 13 14 15 16 | 16.1
Poison Magic   | 1 2 3 4 5 6 7 8 9 10 11 12 13 14 15 16 | 16.1
Axes           | 5 6 7 8 9 10 11 12 13 14 15 16 17 18 19 | 19.3
Fighting       | 7 8 9 10 11 12 13 14 15 16 17 18 19 | 19.8
Armour         | 7 8 9 10 11 12 13 14 15 16 17 18 19 | 19.8
Shields        | 7 8 9 10 11 12 13 14 15 16 17 18 19 | 19.8

Action                   |  1- 3 |  4- 6 |  7- 9 | 10-12 | 13-15 | 16-18 | 19-21 | 22-24 | 25-27 || total
-------------------------+-------+-------+-------+-------+-------+-------+-------+-------+-------++-------
Melee: War axe           |    61 |       |       |       |    71 |   214 |   562 |   176 |    14 ||  1098
       Bite              |     5 |     9 |    40 |    44 |   140 |    63 |   135 |   181 |   170 ||   787
       Flail             |    10 |    85 |   223 |   256 |   448 |   179 |   188 |    32 |       ||  1421
       Dagger            |     5 |       |       |       |       |       |       |       |       ||     5
       Trident           |       |       |    31 |    17 |     3 |       |       |       |       ||    51
       Staff             |       |       |       |   217 |   278 |     3 |       |       |       ||   498
       Scimitar          |       |       |       |    32 |       |     8 |       |       |       ||    40
       Demon whip        |       |       |       |       |       |       |       |   117 |   146 ||   263
       Eveningstar       |       |       |       |       |       |       |       |   586 |   631 ||  1217
 Fire: Hand crossbow     |       |       |       |       |   364 |   817 |   581 |   290 |   159 ||  2211
Throw: Stone             |     1 |       |       |       |       |       |       |       |       ||     1
       Dart              |       |     6 |    11 |    15 |    16 |       |       |     3 |       ||    51
       Boomerang         |       |     1 |    25 |    52 |    57 |       |       |       |       ||   135
       Throwing net      |       |       |       |     4 |     2 |     1 |     3 |       |       ||    10
       Javelin           |       |       |       |       |     3 |     5 |    18 |    71 |    92 ||   189
 Cast: Foxfire           |       |       |       |       |     2 |       |       |       |       ||     2
       Poisonous Vapours |       |       |       |       |       |       |       |    24 |    62 ||    86
       Stone Arrow       |       |       |       |       |       |       |       |     7 |    40 ||    47
       Wereblood         |       |       |       |       |       |       |       |    13 |    27 ||    40
       Frozen Ramparts   |       |       |       |       |       |       |       |     4 |    13 ||    17
       Olgreb's Toxic Ra |       |       |       |       |       |       |       |       |    21 ||    21
       Ignite Poison     |       |       |       |       |       |       |       |       |    21 ||    21
       Borgnjor's Vile C |       |       |       |       |       |       |       |       |    98 ||    98
       Freezing Cloud    |       |       |       |       |       |       |       |       |    20 ||    20
       Cause Fear        |       |       |       |       |       |       |       |       |     2 ||     2
       Passage of Golubr |       |       |       |       |       |       |       |       |     1 ||     1
       Manifold Assault  |       |       |       |       |       |       |       |       |     1 ||     1
Invok: Ancestor Life: He |       |       |       |     1 |       |       |       |       |       ||     1
       Recall Ancestor   |       |       |       |       |     5 |     1 |     4 |     1 |     7 ||    18
       Idealise          |       |       |       |       |       |       |     1 |     1 |     1 ||     3
Evoke: Wand              |       |       |       |     9 |     7 |     1 |    13 |     1 |     3 ||    34
       Tin of tremorston |       |       |       |       |       |       |     5 |     1 |       ||     6
       Phial of floods   |       |       |       |       |       |       |     1 |       |       ||     1
  Use: Scroll            |       |     4 |    10 |    14 |     4 |     3 |     8 |     7 |     5 ||    55
       Potion            |       |       |       |     2 |     1 |       |     3 |     1 |     5 ||    12
 Stab: Sleeping          |       |     1 |       |       |     3 |       |       |       |       ||     4
       Distracted        |       |       |     1 |     7 |    15 |     6 |    12 |     8 |    15 ||    64
       Confused          |       |       |       |     5 |    10 |     4 |    27 |    27 |    22 ||    95
       Held in net/web   |       |       |       |     2 |       |       |       |       |       ||     2
       Invisible         |       |       |       |       |     1 |       |       |       |       ||     1
       Paralysed         |       |       |       |       |    10 |    30 |    47 |    25 |    27 ||   139
Armor: Scale mail        |    26 |     3 |       |       |    67 |       |       |       |       ||    96
       Chain mail        |       |    29 |    85 |   182 |   196 |       |       |       |       ||   492
       Gold dragon scale |       |       |       |       |    71 |   243 |   331 |   281 |   355 ||  1281
Dodge: Dodged            |    26 |    19 |   112 |   240 |   293 |    68 |   204 |   133 |   191 ||  1286
Block: Buckler           |    19 |    24 |    72 |       |       |       |       |       |       ||   115
       Kite shield       |       |       |    15 |   271 |   471 |    47 |       |       |       ||   804
       Reflection        |       |       |       |       |    16 |   146 |    70 |    51 |    32 ||   315
       Tower shield      |       |       |       |       |       |   583 |  1013 |   904 |   797 ||  3297
